 Dungeon Crawl Stone Soup version 0.22-a0-618-gd6a3efe (webtiles) character file.

59 sking99 the Ruffian (level 4, -1/45 HPs)
             Began as an Ogre Transmuter on July 13, 2018.
             Was an Initiate of Nemelex Xobeh.
             Slain by a hound (4 damage)
             ... on level 4 of the Dungeon.
             The game lasted 00:03:44 (2436 turns).

sking99 the Ruffian (Ogre Transmuter)               Turns: 2436, Time: 00:03:44

Health: -1/45      AC:  3    Str: 14    XL:     4   Next: 3%
Magic:  0/7        EV: 10    Int: 14    God:    Nemelex Xobeh [......]
Gold:   133        SH:  0    Dex: 10    Spells: 1/7 levels left

rFire    . . .     SeeInvis .     - Unarmed
rCold    . . .     Gourm    .   (no shield)
rNeg     . . .     Faith    .   b - +0 robe
rPois    .         Spirit   +   (helmet restricted)
rElec    .         Reflect  .   n - scarf {Spirit}
rCorr    .         Harm     .   (gloves unavailable)
MR       .....                  (boots unavailable)
Stlth    +.........             (no amulet)
HPRegen  0.15/turn              (no ring)
MPRegen  0.10/turn              (no ring)

@: no status effects
A: large, unfitting armour, tough skin 1
a: Renounce Religion


You were on level 4 of the Dungeon.
You worshipped Nemelex Xobeh.
Nemelex Xobeh was noncommittal.
You were hungry.

You visited 1 branch of the dungeon, and saw 3 of its levels.

You collected 133 gold pieces.

Inventory:

Missiles
 a - 77 arrows
Armour
 b - a +0 robe (worn)
 n - a scarf of spirit shield (worn)
Jewellery
 o - an uncursed ring of see invisible {unknown}
Scrolls
 c - 2 scrolls of enchant armour {unknown}
 e - 3 scrolls of magic mapping {unknown}
 g - 2 scrolls of identify {unknown}
 h - a scroll of fog {unknown}
 i - a scroll of fear {unknown}
 j - a scroll of noise {unknown}
 k - 3 scrolls of amnesia {unknown}
Potions
 f - a potion of haste {unknown}
 l - a potion of ambrosia
Miscellaneous
 m - a plain deck of destruction {drawn: 2}
Comestibles
 d - 3 rations


   Skills:
 - Level 3.0 Fighting
 - Level 1.7 Dodging
 * Level 3.9 Unarmed Combat
 - Level 2.4 Spellcasting
 + Level 1.7 Transmutations
 + Level 0.0 Poison Magic


You had one spell level left.
You knew the following spells:

 Your Spells              Type           Power        Failure   Level  Hunger
a - Beastly Appendage     Tmut           #.....       11%         1    #......
b - Sticks to Snakes      Tmut           #.......     17%         2    ###....
c - Spider Form           Tmut/Pois      #.........   43%         3    ###....

Your spell library contained the following spells:

 Spells                   Type           Power        Failure   Level  Hunger
 Blade Hands              Tmut           #.........   97%         5    ######.
 Ice Form                 Ice/Tmut       #.......     83%         4    #####..


Dungeon Overview and Level Annotations

Branches:
Dungeon (2/15)

Altars:
Nemelex Xobeh


Innate Abilities, Weirdness & Mutations

You are too large for most types of armour.
You have tough skin. (AC +1)


Message History

You barely miss the hound.
The hound is heavily wounded.
The hound bites you but does no damage.
You hit the hound but do no damage.
The hound is heavily wounded.
The hound bites you.
* * * LOW HITPOINT WARNING * * *
Your magical contamination has completely faded away.
You hit the hound.
The hound is almost dead.
The hound barely misses you. The hound closely misses you.
You barely miss the hound.
The hound is almost dead.
The hound bites you.
* * * LOW HITPOINT WARNING * * *
You hit the hound but do no damage.
The hound is almost dead.
The hound barely misses you. The hound bites you.
You die...
Your body disappears without a glow.

####++####
#........
#......
#..♣.♣♣
#..@†.♣ .
#.$♣h⌠...#
#..♣♣.♣..#
#........#
#........
####++####


You could see a hound.

Vanquished Creatures
  An adder (D:2)
  2 oozes (D:2)
  A leopard gecko (D:2)
  5 bats
  2 giant cockroaches
  5 goblins
  4 hobgoblins (D:1)
  2 jackals (D:2)
  2 quokkas
  4 frilled lizards
  7 kobolds
  2 rats
37 creatures vanquished.

Vanquished Creatures (others)
  4 toadstools (D:1)
4 creatures vanquished.

Grand Total: 41 creatures vanquished

Notes
Turn   | Place    | Note
-------+----------+-------------------------------------------
     0 | D:1      | sking99 the Ogre Transmuter began the quest for the Orb.
     0 | D:1      | Reached XP level 1. HP: 19/19 MP: 3/3
   338 | D:1      | Reached XP level 2. HP: 26/28 MP: 5/5
   945 | D:2      | Learned a level 2 spell: Sticks to Snakes
   975 | D:2      | Reached XP level 3. HP: 24/36 MP: 6/6
  1332 | D:2      | Found a sparkling altar of Nemelex Xobeh.
  1340 | D:2      | Became a worshipper of Nemelex Xobeh the Trickster
  1371 | D:2      | Received a gift from Nemelex Xobeh
  2057 | D:2      | Learned a level 3 spell: Spider Form
  2277 | D:2      | Reached XP level 4. HP: 42/44 MP: 7/7
  2404 | D:2      | You fall through a shaft for 2 floors!
  2436 | D:4      | Slain by a hound

Vault maps used:
D:1:      ldierk_water_garden, serial_bayou_ford_a, minmay_liquid_box
D:2:      nemelex_xobeh_ov_fountains_minmay, kennysheep_cluttered_room,
          minmay_misc_feat_alley, minmay_pentomino_s4, uniq_crazy_yiuf_cottage
D:4:      minitemple, first_ration, kennysheep_generic_room_4, uniq_natasha,
          uniq_duvessa

Skill      XL: |  1  2  3  4 |
---------------+-------------+-----
Unarmed Combat | 3 |  3.9
Fighting       | 2 3 |  3.0
Dodging        | |  1.7
Spellcasting   | |  2.4
Transmutations | |  1.7

Action                   |  1- 3 |  4- 6 || total
-------------------------+-------+-------++-------
Melee: Unarmed           |   141 |    27 ||   168
       Punch             |     1 |       ||     1
       Headbutt          |     1 |       ||     1
 Cast: Beastly Appendage |     2 |       ||     2
Evoke: Deck              |     2 |       ||     2
  Use: Potion            |     1 |       ||     1
  Eat: Chunk             |     4 |       ||     4
Armor: Robe              |    34 |     6 ||    40
Dodge: Dodged            |    71 |    24 ||    95

Table legend:
 A = Spawn XP
 B = Non-spawn XP
 C = Spawn XP percentage of total XP
 D = Spawn monster count
 E = Non-spawn monster count
 F = Spawn count percentage of total count
 G = Total turns spent on level
                    A         B        C        D         E        F      G
               +---------+---------+-------+---------+---------+-------+---------
         Total |       0 |      85 |   0.0 |       0 |      37 |   0.0 |  2436
               +---------+---------+-------+---------+---------+-------+---------
           D:1 |       0 |      22 |   0.0 |       0 |      13 |   0.0 |  1045
           D:2 |       0 |      61 |   0.0 |       0 |      23 |   0.0 |  1359
           D:4 |       0 |       2 |   0.0 |       0 |       1 |   0.0 |    32
               +---------+---------+-------+---------+---------+-------+---------
